 Dungeon Crawl Stone Soup version 0.28-a0-533-g9f97627e2a (webtiles) character file.

Game seed: 12833406387781201482

80 Drevant2 the Ducker (level 4, -1/32 HPs)
             Began as a Djinni Conjurer on Sept 25, 2021.
             Slain by Terence (11 damage)
             ... on level 2 of the Dungeon.
             The game lasted 00:05:06 (2010 turns).

Drevant2 the Ducker (Djinni Conjurer)               Turns: 2010, Time: 00:05:07

Health: -1/32      AC:  2    Str:  6    XL:     4   Next: 65%
Gold:   8          EV: 13    Int: 21    God:
                   SH:  0    Dex: 11

rFire   + + .      SeeInvis .   i - +0 dagger
rCold   x . .      Faith    .   (no shield)
rNeg    . . .      Spirit   .   a - +0 robe
rPois   ∞          Reflect  .   (no helmet)
rElec   .          Harm     .   (no cloak)
rCorr   .          Rampage  .   (no gloves)
Will    .....                   (boots unavailable)
Stlth   ++........              (no amulet)
HPRegen 0.10/turn               (no ring)
MPRegen 0.00/turn               (no ring)

@: flying
A: sickness immunity, fire resistance 2, cold vulnerability 1, float, innate
caster, hp casting, extra vitality 1
a: no special abilities


You were on level 2 of the Dungeon.
You visited 1 branch of the dungeon, and saw 2 of its levels.

You collected 8 gold pieces.

Inventory:

Hand Weapons
 i - a +0 dagger (weapon)
Armour
 a - a +0 robe (worn)
Jewellery
 e - an amulet of magic regeneration
Scrolls
 b - a scroll of identify {unknown}
 h - a scroll of amnesia {unknown}
 j - a scroll of noise {unknown}
 k - a scroll of enchant weapon {unknown}
 l - a scroll of torment {unknown}
 m - a scroll of enchant armour {unknown}
Potions
 c - a potion of might {unknown}
 d - a potion of curing {unknown}
 f - a potion of lignification {unknown}
 g - a potion of cancellation {unknown}


   Skills:
 - Level 1.2 Fighting
 - Level 1.0 Short Blades
 - Level 4.2 Dodging
 - Level 1.5 Stealth
 + Level 3.3 Spellcasting


You couldn't memorise any spells.
You knew the following spells:

 Your Spells              Type           Power      Damage    Failure   Level
a - Magic Dart            Conj           68%        1d6       3%          1
b - Searing Ray           Conj           34%        2d5       4%          2
c - Dazzling Flash        Conj/Hex       34%        N/A       10%         3
d - Fulminant Prism       Conj/Hex       8%         3d7       32%         4
e - Iskenderun's Mystic   Conj/Tloc      17%        2d5       32%         4
f - Summon Small Mammal   Summ           68%        N/A       3%          1
Your spell library was empty.

Dungeon Overview and Level Annotations

Branches:
Dungeon (2/15)

Altars:

Annotations:
D:2 Terence


Innate Abilities, Weirdness & Mutations

You are immune to sickness and miasma.
You are immune to poison.
Your flesh is very heat resistant. (rF++)
You are vulnerable to cold. (rC-)
You float through the air rather than walking.
You learn spells naturally, not from books.
Your magical power is your life essence.
You have superior vitality. (+4 HP)


Message History

Aiming: Magic Dart (safe; 3% risk of failure)
Press: ? - help, Shift-Dir - straight line, f - ball python
Aim: a ball python (100% to hit)
The magic dart hits the ball python.
You kill the ball python!
Casting: Magic Dart (safe; 3% risk of failure)
Confirm with . or Enter, or press ? or * to list all spells.
Aiming: Searing Ray (safe; 4% risk of failure)
Press: ? - help, Shift-Dir - straight line, f - Terence
Aim: Terence, wielding a +0 flail and wearing a +0 chain mail (84% to hit)
The searing ray hits Terence.
Terence is lightly wounded. (Press . to maintain the ray.)
The searing ray hits Terence!
Terence is heavily wounded.
The searing ray hits Terence.
Terence is heavily wounded.
Terence shouts, "ATTACK!!!"
The searing ray hits Terence.
Terence is severely wounded.
You finish channelling your searing ray.
Casting: Searing Ray (safe; 4% risk of failure)
Confirm with . or Enter, or press ? or * to list all spells.
Aiming: Searing Ray (safe; 4% risk of failure)
Press: ? - help, Shift-Dir - straight line, f/p - Terence
Aim: Terence, wielding a +0 flail and wearing a +0 chain mail (severely wounded, 84% to hit)
The searing ray hits Terence.
Terence is almost dead. (Press . to maintain the ray.) Terence hits you with a +0 flail!
The searing ray misses Terence.
Terence hits you with a +0 flail.
The searing ray hits Terence but does no damage.
Terence is almost dead.
Terence closely misses you.
The searing ray hits Terence but does no damage.
Terence is almost dead.
You finish channelling your searing ray.
Terence closely misses you. Terence hits you with a +0 flail!
You die...

. #..#####....♣.♣ #.
.>..#............. #.
.?......@.>........♣ #
......####S....##♣♣ ##
...... #...†.# #. .....
##.##.# #########. ..@..
#.##.# #####.##...##. ....
#..#@## #........#.... ....
##.#.@###.#.######.###
#†.#.#.....# #...# # .
##.#.....### ##.### # #.
#...##..#####..# ..##
######.####...#....##
...#.........#...#.#########
#.#.#######.#.#...##.......
#....# #...........######
#####..#####.#..#..#.###


You could see Terence.

Vanquished Creatures
  Jessica (D:2)
  2 adders (D:2)
  2 bats (D:1)
  3 endoplasms
  2 giant cockroaches (D:1)
  5 hobgoblins
  4 kobolds
  2 quokkas (D:2)
  6 ball pythons
  4 frilled lizards
  2 goblins (D:1)
  3 rats
36 creatures vanquished.

Vanquished Creatures (others)
  24 plants (D:2)
24 creatures vanquished.

Grand Total: 60 creatures vanquished

Notes
Turn   | Place    | Note
-------+----------+-------------------------------------------
     0 | D:1      | Drevant2 the Djinni Conjurer began the quest for the Orb.
     0 | D:1      | Reached XP level 1. HP: 15/15 MP: 0/0
   307 | D:1      | Reached XP level 2. HP: 17/21 MP: 0/0
   313 | D:1      | Reached skill level 3 in Dodging
   809 | D:1      | You are sucked into a shaft and drop 1 floor!
   865 | D:2      | Reached XP level 3. HP: 22/25 MP: 0/0
   865 | D:2      | Learned a level 1 spell: Summon Small Mammal
  1156 | D:2      | Reached skill level 4 in Dodging
  1594 | D:2      | Noticed Jessica
  1701 | D:2      | Reached XP level 4. HP: 29/31 MP: 0/0
  1759 | D:2      | Killed Jessica
  1760 | D:2      | Reached skill level 1 in Fighting
  1760 | D:2      | Reached skill level 1 in Short Blades
  1987 | D:2      | Noticed Terence
  2010 | D:2      | Slain by Terence

Illustrated notes

Levels and vault maps discovered:
D:1:      scummos_arrival_hexagon, layout_basic,
          ebering_ecumenical_altar_abandoned
D:2:      layout_rooms, serial_bayou_lagoon_a, uniq_crazy_yiuf_cottage,
          uniq_jessica, uniq_terence

Skill      XL: |  1  2  3  4 |
---------------+-------------+-----
Dodging        | 3 4 |  4.2
Fighting       | 1 |  1.2
Short Blades   | 1 |  1.0
Stealth        | |  1.5
Spellcasting   | |  3.3

Action                   |  1- 3 |  4- 6 || total
-------------------------+-------+-------++-------
Melee: Dagger            |     5 |       ||     5
 Cast: Magic Dart        |    63 |    17 ||    80
       Searing Ray       |     2 |     2 ||     4
Armor: Robe              |     3 |       ||     3
Dodge: Dodged            |     6 |     2 ||     8

Table legend: (Time is in decaauts)
 A = Elapsed time spent in this place.
 B = Non-inter-level travel time spent in this place.
 C = Inter-level travel time spent in this place.
 D = Time resting spent in this place.
 E = Time spent auto-exploring this place.
 F = Levels seen in this place.
 G = Mean time per level.
                   A        B        C        D        E       F      G
               +--------+--------+--------+--------+--------+-----+--------+
         Total |   2009 |   1991 |     18 |    878 |    872 |   2 | 1004.5 |
       Dungeon |   2009 |   1991 |     18 |    878 |    872 |   2 | 1004.5 |
               +--------+--------+--------+--------+--------+-----+--------+

Top non-repeatable levels by time:
     D:2: 1200 daAuts
     D:1: 808 daAuts
